 Dungeon Sprint DCSS version 0.18.1-50-g88ac8fd (webtiles) character file.

242 lorenzova the Thaumaturge (level 5, -14/28 HPs)
             Began as a Deep Elf Conjurer on Oct 16, 2016.
             Demolished by a human
             ... wielding a +0 whip of electrocution
              (16 damage)
             ... in the Dungeon (Sprint III: "The Ten Rune Challenge").
             The game lasted 00:05:05 (742 turns).

lorenzova the Thaumaturge (Deep Elf Conjurer)        Turns: 742, Time: 00:05:06

Health: -14/28     AC:  5    Str:  5    XL:     5   Next: 81%
Magic:  20/20      EV: 13    Int: 21    God:
Gold:   26         SH:  0    Dex: 15    Spells: 4 memorised, 16 levels left

rFire  . . .     SeeInvis .     k - +2 quarterstaff (chaos)
rCold  . . .     Gourm    .     a - +0 robe
rNeg   . . .     Faith    .     (shield currently unavailable)
rPois  .         Spirit   .     (no helmet)
rElec  .         Dismiss  .     j - +2 cloak {+Inv}
rCorr  .         Reflect  .     (no gloves)
SustAt .         Harm     .     (no boots)
MR     .....     NoTele   +     (no amulet)
Stlth  ++........               (no ring)
                                (no ring)

@: not resistant to hostile enchantments, unstealthy
A: no striking features
a: Evoke Invisibility


You were in the Dungeon.
You were not hungry.

You visited 1 branch You collected 26 gold pieces.

Inventory:

Hand Weapons
 k - a +2 quarterstaff of chaos (weapon)
Armour
 a - a +0 robe (worn)
 j - a +2 cloak of invisibility (worn)
Scrolls
 i - a scroll of blinking
 m - 2 scrolls of holy word {unknown}
 n - 3 scrolls of identify
 o - 3 scrolls of remove curse
Potions
 d - a potion of curing
 e - a potion of heal wounds
 f - a potion of haste
 h - a potion of berserk rage
 r - 3 potions of flight
Books
 b - a book of Conjurations

   Spells                             Type                      Level
   a - Magic Dart                     Conjuration                  1
   b - Searing Ray                    Conjuration                  2
   c - Dazzling Spray                 Conjuration/Hexes            3
   d - Fulminant Prism                Conjuration/Hexes            4
   e - Iskenderun's Mystic Blast      Conjuration                  4
   f - Iskenderun's Battlesphere      Conjuration/Charms           5
Comestibles
 c - 2 bread rations
 p - a royal jelly


   Skills:
 - Level 2.4 Dodging
 - Level 2.4 Stealth
 + Level 11.3 Spellcasting
 + Level 10.3 Conjurations


You had 16 spell levels left.
You knew the following spells:

 Your Spells              Type           Power        Failure   Level  Hunger
a - Magic Dart            Conj           ####         1%          1    None
b - Searing Ray           Conj           ######       1%          2    None
c - Iskenderun's Mystic   Conj           ######..     1%          4    #......
d - Dazzling Spray        Conj/Hex       ####..       2%          3    None


Dungeon Overview and Level Annotations

Branches:
Dungeon (1/1)

Altars:
Cheibriados
Fedhas
Okawaru
Trog
Yredelemnul


Message History

Casting: Iskenderun's Mystic Blast
Confirm with . or Enter, or press ? or * to list all spells.
Aiming: Iskenderun's Mystic Blast
Press: ? - help, Shift-Dir - straight line, f/p - human
Aim: a human, wielding a whip of electrocution (almost dead, berserk, fast, unusually strong, blind)
The orb of energy hits the human.
The human is almost dead.
The human barely misses you. x2
The human hits you with a whip of electrocution!
* * * LOW HITPOINT WARNING * * *
Casting: Iskenderun's Mystic Blast
Confirm with . or Enter, or press ? or * to list all spells.
You don't have enough magic to cast that spell.
There are monsters nearby!
Drink which item? (? for menu, Esc to quit)
Magic courses through your body.
The human is no longer blind.
The human hits you but does no damage.
The human hits you with a whip of electrocution!
Ouch! That really hurt!
You die...

▓▓▓ ▓▓▓ ..♣♣ ♣.#
######## ...♣♣ ♣♣.#
#__[#__# ....♣ ♣..#
#...#)_#
..≈.♣♣♣♣.###+#'###'##
.≈≈♣.♣♣♣.#.....p@...#
≈≈≈≈.♣...'.⌠...p....#
≈≈≈≈≈≈♣..#...######+#
≈≈≈≈≈....#.⌠.# #W..#
≈≈≈≈.....#...# #...#
≈≈.......#+### #...#
.........# #..%+
.........# +...#
▓▓▓▓▓▓▓▓▓▓ ▓▓▓▓▓


You could see 2 humans.

Vanquished Creatures
  A necrophage (D)
  A water elemental (D)
  A jelly (D)
  Crazy Yiuf (D)
  A necromancer (D)
  A human (D)
  An ooze (D)
  3 rats (D)
10 creatures vanquished.

Vanquished Creatures (others)
  2 draconian scorchers (D)
  A yaktaur (D)
3 creatures vanquished.

Grand Total: 13 creatures vanquished

Notes
Turn   | Place    | Note
--------------------------------------------------------------
     0 | D        | lorenzova the Deep Elf Conjurer began the quest for the Orb.
     0 | D        | Reached XP level 1. HP: 10/10 MP: 6/6
     6 | D        | Reached skill level 4 in Spellcasting
     6 | D        | Reached skill level 5 in Conjurations
    36 | D        | Killed a yaktaur
   131 | D        | Noticed Crazy Yiuf
   156 | D        | Reached skill level 6 in Spellcasting
   156 | D        | Reached XP level 2. HP: 13/15 MP: 2/11
   227 | D        | Killed a white draconian scorcher
   228 | D        | Learned a level 2 spell: Searing Ray
   265 | D        | Killed a white draconian scorcher
   272 | D        | Killed Crazy Yiuf
   272 | D        | Reached skill level 7 in Spellcasting
   272 | D        | Reached XP level 3. HP: 19/19 MP: 6/13
   345 | D        | Gained mutation: You occasionally shout uncontrollably at your foes. [potion of mutation]
   345 | D        | Gained mutation: You tend to lose your temper in combat. [potion of mutation]
   345 | D        | Gained mutation: You are clumsy. (Dex -2) [potion of mutation]
   346 | D        | Lost mutation: You are clumsy. (Dex -2) [potion of cure mutation]
   346 | D        | Lost mutation: You tend to lose your temper in combat. [potion of cure mutation]
   346 | D        | Lost mutation: You occasionally shout uncontrollably at your foes. [potion of cure mutation]
   347 | D        | Gained mutation: You regenerate slowly when monsters are visible. [potion of mutation]
   347 | D        | Gained mutation: You have sharp toenails. [potion of mutation]
   348 | D        | Lost mutation: You have sharp toenails. [potion of cure mutation]
   348 | D        | Lost mutation: You regenerate slowly when monsters are visible. [potion of cure mutation]
   349 | D        | Gained mutation: Scrolls take you a little longer to read. [potion of mutation]
   349 | D        | Gained mutation: Your spells are a little easier to cast, but a little less powerful. [potion of mutation]
   349 | D        | Gained mutation: You tend to lose your temper in combat. [potion of mutation]
   350 | D        | Lost mutation: Your spells are a little easier to cast, but a little less powerful. [potion of cure mutation]
   350 | D        | Lost mutation: You tend to lose your temper in combat. [potion of cure mutation]
   350 | D        | Lost mutation: Scrolls take you a little longer to read. [potion of cure mutation]
   362 | D        | Noticed a water elemental
   370 | D        | Killed a water elemental
   370 | D        | Reached skill level 9 in Spellcasting
   370 | D        | Reached XP level 4. HP: 5/24 MP: 7/17
   613 | D        | Learned a level 4 spell: Iskenderun's Mystic Blast
   617 | D        | Learned a level 3 spell: Dazzling Spray
   636 | D        | Reached XP level 5. HP: 28/28 MP: 13/19
   670 | D        | Noticed a shadow
   674 | D        | Found a basalt altar of Yredelemnul.
   674 | D        | Found a snail-covered altar of Cheibriados.
   674 | D        | Found a blossoming altar of Fedhas.
   674 | D        | Noticed a necrophage
   676 | D        | Reached skill level 10 in Spellcasting
   677 | D        | Killed a necrophage
   677 | D        | Reached skill level 11 in Spellcasting
   677 | D        | Reached skill level 10 in Conjurations
   731 | D        | Found an iron altar of Okawaru.
   731 | D        | Found a bloodstained altar of Trog.
   731 | D        | Noticed a human
   732 | D        | Noticed a human
   742 | D        | Demolished by a human

Skill      XL: |  1  2  3  4  5 |
---------------+----------------+-----
Spellcasting   | 6 7 9 11 | 11.3
Conjurations   | 6 7 8 10 | 10.3
Dodging        | |  2.4
Stealth        | |  2.4

Action                   |  1- 3 |  4- 6 || total
-------------------------+-------+-------++-------
 Cast: Magic Dart        |    26 |     5 ||    31
       Searing Ray       |     3 |     1 ||     4
       Iskenderun's Myst |       |     5 ||     5
       Dazzling Spray    |       |     1 ||     1
  Use: Potion            |     7 |     1 ||     8
Armor: Robe              |     2 |     2 ||     4
Dodge: Dodged            |    12 |    10 ||    22
